 Dungeon Crawl Stone Soup version 0.28-a0-313-gbc0475efdd (webtiles) character file.

Game seed: 1838698872255050911

816 Demosthentine the Poker (level 7, -3/56 HPs)
             Began as a Merfolk Gladiator on Aug 31, 2021.
             Was a Follower of Elyvilon.
             Succumbed to a water moccasin's poison
             ... on level 5 of the Dungeon.
             The game lasted 00:03:43 (5456 turns).

Demosthentine the Poker (Merfolk Gladiator)         Turns: 5456, Time: 00:03:44

Health: -3/56      AC:  5    Str: 16    XL:     7   Next: 94%
Magic:  7/7        EV: 15    Int:  8    God:    Elyvilon [*.....]
Gold:   204        SH:  0    Dex: 15    Spells: 6/6 levels left

rFire   . . .      SeeInvis .   a - +1 trident
rCold   . . .      Faith    .   (no shield)
rNeg    . . .      Spirit   .   b - +0 leather armour
rPois   .          Reflect  .   c - +1 helmet
rElec   .          Harm     .   (no cloak)
rCorr   .          Rampage  .   (no gloves)
Will    .....                   (no boots)
Stlth   +.........              (no amulet)
HPRegen 0.18/turn               (no ring)
MPRegen 0.10/turn               (no ring)

@: lethally poisoned (-3 -> -22)
A: (nimble swimmer 2), mertail
a: Renounce Religion, Lesser Healing, Divine Protection


You were on level 5 of the Dungeon.
You worshipped Elyvilon.
Elyvilon was aware of your devotion.
You visited 2 branches of the dungeon, and saw 6 of its levels.

You collected 217 gold pieces.
You donated 13 gold pieces to Zin.

Inventory:

Hand Weapons
 a - a +1 trident (weapon)
Missiles
 d - a throwing net (quivered)
Armour
 b - a +0 leather armour (worn)
 c - a +1 helmet (worn)
Jewellery
 h - a +6 ring of intelligence
Wands
 g - a wand of iceblast (9)
Scrolls
 e - 2 scrolls of identify
 f - 2 scrolls of silence
 l - a scroll of blinking
 n - a scroll of torment {unknown}
Potions
 i - 2 potions of attraction
 m - a potion of mutation


   Skills:
 + Level 5.1 Fighting
 + Level 7.5 Polearms
 - Level 2.0 Throwing
 + Level 3.0 Armour
 + Level 6.8 Dodging


You had 6 spell levels left.
You didn't know any spells.
Your spell library contained the following spells:

 Spells                   Type           Power      Damage    Failure   Level
 Apportation              Tloc           0%         N/A       45%         1
 Alistair's Intoxication  Tmut/Pois      0%         N/A       100%        5
 Invisibility             Hex            0%         N/A       100%        6


Dungeon Overview and Level Annotations

Branches:
Dungeon (5/15)             Temple (1/1) D:4

Altars:
Ashenzari
Cheibriados
Elyvilon
Fedhas
Gozag
Kikubaaqudgha
Makhleb
Okawaru
Qazlal
Ru
Sif Muna
Trog
Uskayaw
Vehumet
Wu Jian
Yredelemnul
Zin

Shops:
D:4 (


Innate Abilities, Weirdness & Mutations

((You are quick and stealthy near water. (Stealth+, EV+, Speed+++)))
Your lower body shifts to a powerful aquatic tail in water.


Message History

Unknown command.
You're too confused to move!
The water moccasin barely misses you. The water moccasin closely misses you.
You bump into the stone wall.
The water moccasin bites you.
You are poisoned.
The water moccasin poisons you!
You hear some strange, mumbled words.
Something tries to affect you, but you resist.
Unknown command.
You bump into the stone wall.
You feel less confused.
You feel very sick. The water moccasin bites you. The water moccasin bites you!
You are more poisoned.
The water moccasin poisons you! Something barely misses you.
You feel very sick. The water moccasin barely misses you.
You feel very sick. The water moccasin barely misses you.
Unknown command.
Unknown command.
You feel very sick.
Unknown command.
You feel sick. The water moccasin barely misses you.
You feel sick.
You feel sick.
Okay, then.
You barely miss the water moccasin.
You feel sick. The water moccasin misses you.
Unknown command.
You hit the water moccasin.
The water moccasin is lightly wounded.
You feel sick. The water moccasin bites you.
* * * LOW HITPOINT WARNING * * *
You are more poisoned.
The water moccasin poisons you! The water moccasin barely misses you.
Unknown command.
You puncture the water moccasin!
The water moccasin is heavily wounded.
You die...

#.# $ #.# #.# #.##
##..# #l#.##
#{#.l## #S##..#
#@##...#
#.###..≈.. # #.#
#.≈..≈.. # #.#
##...≈..≈ ## #.#
#.≈.... ##.
#.##############..
#.......# .......
######..# #.#####
#..####.# #


You could see a water moccasin and an iguana.

Vanquished Creatures
  Sigmund (D:2)
  2 black bears
  An ogre (D:5)
  Blork the orc (D:4)
  A hound (D:4)
  2 orc priests (D:5)
  A jelly (D:4)
  A bullfrog skeleton (D:5)
  An iguana (D:5)
  2 hound skeletons
  A howler monkey skeleton (D:3)
  A gnoll (D:5)
  5 adders
  An ufetubus (D:5)
  A worm (D:2)
  2 dart slugs
  6 orcs
  5 bats
  3 endoplasms
  5 giant cockroaches
  2 goblins (D:4)
  8 hobgoblins
  4 kobolds
  2 quokkas (D:1)
  8 ball pythons
  A frilled lizard (D:3)
  6 rats
74 creatures vanquished.

Notes
Turn   | Place    | Note
-------+----------+-------------------------------------------
     0 | D:1      | Demosthentine the Merfolk Gladiator began the quest for the
                  | Orb.
     0 | D:1      | Reached XP level 1. HP: 16/16 MP: 1/1
    86 | D:1      | Reached XP level 2. HP: 17/23 MP: 2/2
   292 | D:1      | Found a faded altar of an unknown god.
   764 | D:2      | Reached XP level 3. HP: 22/28 MP: 3/3
   875 | D:2      | Reached skill level 5 in Polearms
   902 | D:2      | Reached skill level 1 in Armour
  1032 | D:2      | Reached XP level 4. HP: 15/34 MP: 4/4
  1617 | D:2      | Noticed Sigmund
  1646 | D:2      | Killed Sigmund
  1647 | D:2      | Reached skill level 6 in Polearms
  1647 | D:2      | Reached skill level 5 in Dodging
  1647 | D:2      | Reached XP level 5. HP: 8/42 MP: 5/5
  2136 | D:3      | Reached XP level 6. HP: 48/48 MP: 6/6
  2520 | D:3      | Found a radiant altar of Vehumet.
  2526 | D:3      | Found a bloodstained altar of Trog.
  2531 | D:3      | Found a stormy altar of Qazlal.
  2949 | D:4      | Found a staircase to the Ecumenical Temple.
  3012 | Temple   | Entered the Ecumenical Temple
  3230 | Temple   | Became a worshipper of Zin the Law-Giver
  3230 | Temple   | Reached * piety under Zin
  3258 | Temple   | Fell from the grace of Zin
  3258 | Temple   | Became a worshipper of Elyvilon the Healer
  3300 | D:4      | Found an ornate altar of the Wu Jian Council.
  3421 | D:4      | Noticed a black bear
  3434 | D:4      | Killed a black bear
  3689 | D:4      | Found Luumnuode's Weapon Emporium.
  3806 | D:4      | Noticed Blork the orc
  3819 | D:4      | Killed Blork the orc
  3820 | D:4      | Reached XP level 7. HP: 8/55 MP: 7/7
  4242 | D:5      | Entered Level 5 of the Dungeon
  4481 | D:5      | Reached skill level 7 in Polearms
  4482 | D:5      | Reached * piety under Elyvilon
  5051 | D:5      | Reached skill level 5 in Fighting
  5455 | D:5      | HP: 2/56 [water moccasin (6)]
  5456 | D:5      | Succumbed to a water moccasin's poison

Illustrated notes

Levels and vault maps discovered:
D:1:      dpeg_arrival_pits, layout_loops_ring, dreamdust_ecumenical_altar_grove
D:2:      layout_basic, skrybe_limestone_x, uniq_sigmund
D:3:      layout_loops_ring, minitemple, hangedman_decor_push
D:4:      layout_gridville, nicolae_wu_jian_glorious_leap,
          minmay_temple_entry_butterflies, serial_shops, nicolae_shop_stone,
          uniq_blork_the_orc
D:5:      layout_loops_corners, nzn_random_ring
Temple:   nicolae_temple_figure_eight

Skill      XL: |  1  2  3  4  5  6  7 |
---------------+----------------------+-----
Polearms       | 5 6 7 |  7.5
Armour         | 1 2 3 |  3.0
Fighting       | 3 4 5 |  5.1
Dodging        | 5 6 |  6.8
Throwing       | |  2.0

Action                   |  1- 3 |  4- 6 |  7- 9 || total
-------------------------+-------+-------+-------++-------
Melee: Trident           |    97 |   124 |    92 ||   313
Throw: Throwing net      |       |     2 |       ||     2
  Use: Scroll            |     6 |     1 |     5 ||    12
       Potion            |       |     1 |     2 ||     3
Armor: Leather armour    |    18 |    17 |    17 ||    52
       Skin              |       |       |     6 ||     6
Dodge: Dodged            |    57 |    82 |    66 ||   205

Table legend: (Time is in decaauts)
 A = Elapsed time spent in this place.
 B = Non-inter-level travel time spent in this place.
 C = Inter-level travel time spent in this place.
 D = Time resting spent in this place.
 E = Time spent auto-exploring this place.
 F = Levels seen in this place.
 G = Mean time per level.
                   A        B        C        D        E       F      G
               +--------+--------+--------+--------+--------+-----+--------+
         Total |   5432 |   5253 |    179 |    309 |   4259 |   6 |  905.3 |
       Dungeon |   5173 |   4995 |    178 |    309 |   4052 |   5 | 1034.6 |
        Temple |    258 |    258 |      0 |      0 |    207 |   1 |  258.0 |
               +--------+--------+--------+--------+--------+-----+--------+

Top non-repeatable levels by time:
     D:2: 1287 daAuts
     D:4: 1212 daAuts
     D:5: 1206 daAuts
     D:3: 741 daAuts
     D:1: 724 daAuts
  Temple: 258 daAuts
